 Dungeon Crawl Stone Soup version 0.27-a0-346-ga689d4a613 (webtiles) character file.

Game seed: 11722531273433311151

5211 kae the Grappler (level 10, -7/99 HPs)
             Began as a Red Draconian Transmuter on Feb 15, 2021.
             Was an Initiate of Ru.
             Mangled by a fire elemental (19 damage)
             ... summoned by a deep elf pyromancer
             ... on level 8 of the Dungeon.
             The game lasted 00:07:10 (11508 turns).

kae the Grappler (Red Draconian Transmuter)        Turns: 11508, Time: 00:07:11

Health: -7/99      AC: 10    Str: 22    XL:     10   Next: 35%
Magic:  14/18      EV: 11    Int: 14    God:    Ru [......]
Gold:   623        SH:  5    Dex: 11    Spells: 11/19 levels left

rFire    x . .     SeeInvis .     - Unarmed
rCold    + + +     Faith    .   (shield currently unavailable)
rNeg     . . .     Spirit   .   (armour unavailable)
rPois    +         Reflect  +   (helmet currently unavailable)
rElec    .         Harm     .   (cloak currently unavailable)
rCorr    .         Rampage  .   (gloves currently unavailable)
Will     .....                  (boots currently unavailable)
Stlth    ..........             s - amulet of reflection
HPRegen  0.26/turn              a - +6 ring of strength
MPRegen  0.16/turn              v - +4 ring of protection

@: ice-form
A: large, (breathe fire), unfitting armour, no stealth, AC +7
a: End Transformation, Renounce Religion


You were on level 8 of the Dungeon.
You worshipped Ru.
Ru was noncommittal.
You were a creature of crystalline ice.
You visited 2 branches of the dungeon, and saw 9 of its levels.

You collected 623 gold pieces.

Inventory:

Armour
 i - a +1 cloak (melded)
Jewellery
 a - a +6 ring of strength (left front paw)
 p - a ring of resist corrosion
 s - an amulet of reflection (around neck)
 t - a ring of willpower
 v - a +4 ring of protection (right front paw)
 w - a +6 ring of strength
Wands
 m - a wand of mindburst (2)
 n - a wand of iceblast (8)
Scrolls
 k - 5 scrolls of amnesia
 q - a scroll of teleportation
 u - a scroll of enchant weapon
 x - a scroll of noise {unknown}
 y - a scroll of identify
Potions
 b - 4 potions of might
 c - a potion of brilliance
 d - a potion of flight {unknown}
 e - 4 potions of mutation
 f - a potion of resistance
 g - 4 potions of curing
 h - a potion of ambrosia
 j - 2 potions of cancellation {unknown}
 l - 2 potions of heal wounds
 o - 2 potions of haste {unknown}
 r - a potion of degeneration {unknown}


   Skills:
 + Level 5.8 Fighting
 + Level 5.0 Dodging
 * Level 8.1 Unarmed Combat
 + Level 5.3 Spellcasting
 * Level 7.6 Transmutations
 - Level 5.0 Ice Magic
 - Level 2.0 Poison Magic


You had 11 spell levels left.
You knew the following spells:

 Your Spells              Type           Power        Failure   Level
a - Beastly Appendage     Tmut           50%          1%          1
b - Spider Form           Tmut/Pois      8%           7%          3
c - Ice Form              Ice/Tmut       21%          13%         4

Your spell library contained the following spells:

 Spells                   Type           Power        Failure   Level
 Wereblood                Tmut           25%          1%          2
 Magic Dart               Conj           12%          17%         1
 Blade Hands              Tmut           12%          21%         5
 Blink                    Tloc           N/A          26%         2
 Call Imp                 Summ           3%           26%         2
 Slow                     Hex            3%           26%         2
 Mephitic Cloud           Conj/Pois/Air  5%           36%         3
 Conjure Flame            Conj/Fire      3%           45%         3


Dungeon Overview and Level Annotations

Branches:
Dungeon (8/15)             Temple (1/1) D:6            Lair (0/6) D:8

Altars:
Ashenzari
Cheibriados
Dithmenos
Elyvilon
Fedhas
Gozag
Hepliaklqana
Kikubaaqudgha
Makhleb
Nemelex Xobeh
Okawaru
Qazlal
Ru
Trog
Uskayaw
Vehumet
Wu Jian
Yredelemnul
Zin
The Shining One

Annotations:
D:4 exclusion: oklob plant


Innate Abilities, Weirdness & Mutations

((You can breathe blasts of fire.))
((Your fiery red scales are hard. (AC +7)))
You cannot fit into any form of body armour.
((Your flesh is heat resistant. (rF+)))
((You are cold-blooded and may be slowed by cold attacks.))
You cannot be stealthy.


Message History

The fire elemental barely misses you. The fire elemental hits you.
The fire elemental burns you! You resist.
The fire elemental closely misses you.
You completely miss the fire elemental.
Your tail-slap misses the fire elemental.
The fire elemental is severely damaged.
The fire elemental barely misses you. The fire elemental hits you.
The fire elemental burns you! You resist. The fire elemental hits you.
The fire elemental burns you! You resist.
You are too injured to fight recklessly!
Casting: Ice Form (dangerous; 13% risk of failure)
Confirm with . or Enter, or press ? or * to list all spells.
You turn into a creature of crystalline ice.
Your +1 cloak melds into your body.
The fire elemental barely misses you. You block the fire elemental's attack.
You block the fire elemental's attack. The fire elemental closely misses you.
The deep elf pyromancer hits you with a +0 dagger.
You hit the deep elf pyromancer but do no damage.
The deep elf pyromancer is severely wounded.
The fire elemental completely misses you.
The fire elemental hits you. The fire elemental burns you!
The fire burns you terribly!
The deep elf pyromancer gestures wildly while chanting.
The fire elemental barely misses you.
You barely miss the deep elf pyromancer.
The deep elf pyromancer is severely wounded.
The fire elemental hits you. The fire elemental burns you!
The fire burns you terribly!
* * * LOW HITPOINT WARNING * * *
The fire elemental barely misses you.
You hit the deep elf pyromancer. You freeze the deep elf pyromancer.
The deep elf pyromancer is severely wounded.
The fire elemental hits you. The fire elemental burns you!
The fire burns you terribly!
* * * LOW HITPOINT WARNING * * *
The deep elf pyromancer hits you with a +0 dagger.
* * * LOW HITPOINT WARNING * * *
The fire elemental barely misses you. The fire elemental hits you.
The fire elemental burns you! The fire burns you terribly!
You die...

....#...#### ##
... ...##)[# #.
..###...#..#
#..##...#...#..#
#..#.)).#...#..#
...."......#..# #.
#.|.. ..#....# #..
#.EE##..#....#
#...###Ye...#....#
#.....E...##...##
#....☼.####....#
###.)..........#
#####........#
..............#
###......######
########


You could see a deep elf pyromancer and 3 fire elementals.

Vanquished Creatures
  2 two-headed ogres (D:8)
  Pikel (D:6)
  Maggie (D:6)
  A troll (D:8)
  Edmund (D:6)
  An ice beast (D:7)
  A sky beast (D:8)
  4 ogres
  2 wolves (D:8)
  A lemure (D:6)
  2 centaurs
  A phantom (D:6)
  4 bullfrogs
  A scorpion (D:5)
  A wyvern skeleton (D:6)
  4 electric eels (D:8)
  2 centaur zombies
  A bullfrog zombie (D:8)
  A quasit (D:6)
  2 centaur skeletons
  A jelly (D:8)
  3 orc priests
  A bullfrog skeleton (D:6)
  5 hounds (D:8)
  An iguana (D:6)
  Terence (D:2)
  5 orc wizards
  5 worker ants
  A hound skeleton (D:4)
  A worker ant zombie (D:6)
  9 adders
  8 gnolls
  2 white imps
  An adder skeleton (D:8)
  4 worms
  3 dart slugs
  7 leopard geckos
  28 orcs
  10 bats
  7 giant cockroaches
  12 hobgoblins
  4 jackals (D:5)
  7 kobolds
  4 quokkas
  2 ball pythons
  9 frilled lizards
  9 goblins
  A jackal skeleton (D:5)
  A leopard gecko skeleton (D:4)
  7 rats
193 creatures vanquished.

Vanquished Creatures (others)
  A hound (D:8)
  An orc wizard (D:4)
2 creatures vanquished.

Grand Total: 195 creatures vanquished

Notes
Turn   | Place    | Note
-------+----------+-------------------------------------------
     0 | D:1      | kae the Draconian Transmuter began the quest for the Orb.
     0 | D:1      | Reached XP level 1. HP: 16/16 MP: 3/3
   434 | D:1      | Reached XP level 2. HP: 18/23 MP: 3/5
  1362 | D:1      | Reached XP level 3. HP: 24/28 MP: 4/6
  1366 | D:1      | Learned a level 3 spell: Spider Form
  1592 | D:2      | Found a shadowy altar of Dithmenos.
  1604 | D:2      | Noticed Terence
  1618 | D:2      | Killed Terence
  1784 | D:2      | Reached XP level 4. HP: 27/36 MP: 5/7
  2725 | D:1      | Reached skill level 4 in Unarmed Combat
  3404 | D:3      | Reached skill level 1 in Poison Magic
  3404 | D:3      | Reached XP level 5. HP: 41/41 MP: 8/8
  3406 | D:3      | Found a broken altar of Ashenzari.
  4769 | D:4      | Found a blossoming altar of Fedhas.
  4789 | D:4      | Noticed an oklob plant
  4889 | D:4      | Reached XP level 6. HP: 42/50 MP: 6/10
  4919 | D:4      | Learned a level 4 spell: Ice Form
  5379 | D:4      | Reached skill level 1 in Ice Magic
  5483 | D:4      | Your scales start taking on a fiery red colour.
  5483 | D:4      | Reached XP level 7. HP: 51/56 MP: 6/11
  5483 | D:4      | Gained mutation: Your flesh is heat resistant. (rF+) [Red
                  | Draconian growth]
  5552 | D:4      | Identified the +2 leather armour of the First Realms {+Fly
                  | rC+}
  5602 | D:4      | Reached skill level 5 in Unarmed Combat
  5915 | D:5      | Entered Level 5 of the Dungeon
  6155 | D:5      | Found a radiant altar of Vehumet.
  7183 | D:6      | Noticed Edmund
  7267 | D:6      | Killed Edmund
  7268 | D:6      | Reached XP level 8. HP: 44/63 MP: 13/13
  7540 | D:6      | Noticed Maggie
  7560 | D:6      | Killed Maggie
  7561 | D:6      | Reached skill level 6 in Unarmed Combat
  7561 | D:6      | Reached skill level 5 in Transmutations
  8036 | D:6      | Found a hide-covered altar of Uskayaw.
  8113 | D:6      | Found a staircase to the Ecumenical Temple.
  8114 | D:6      | Found a glowing golden altar of the Shining One.
  8116 | D:6      | Found a white marble altar of Elyvilon.
  8119 | D:6      | Found a glowing silver altar of Zin.
  8375 | D:6      | Noticed Pikel
  8398 | D:6      | Killed Pikel
  8399 | D:6      | Reached XP level 9. HP: 46/72 MP: 13/15
  8657 | Temple   | Entered the Ecumenical Temple
  8729 | Temple   | Became a worshipper of Ru the Awakened
  9816 | D:8      | Noticed a two-headed ogre
  9826 | D:8      | Killed a two-headed ogre
  9827 | D:8      | Reached skill level 5 in Fighting
  9827 | D:8      | Reached skill level 7 in Unarmed Combat
 10085 | D:8      | Noticed a two-headed ogre
 10099 | D:8      | Killed a two-headed ogre
 10100 | D:8      | Reached skill level 5 in Spellcasting
 10100 | D:8      | Reached skill level 5 in Ice Magic
 10100 | D:8      | Reached XP level 10. HP: 31/81 MP: 13/17
 11157 | D:8      | Reached skill level 8 in Unarmed Combat
 11159 | D:8      | Reached skill level 5 in Dodging
 11196 | D:8      | Found a staircase to the Lair.
 11372 | D:8      | Gained mutation: You cannot be stealthy. [Ru sacrifice]
 11492 | D:8      | Noticed a deep elf pyromancer
 11508 | D:8      | Mangled by a fire elemental

Illustrated notes

Levels and vault maps discovered:
D:1:      kilobyte_arrival_exit_the_forest, layout_loops_ring,
          amcnicky_mini_pool_small
D:2:      layout_loops_ring, grunt_dithmenos_smoke, uniq_terence
D:3:      layout_loops_cross, ashenzari_altar_1
D:4:      cheibrodos_greedy_goblins, layout_loops_cross, tgw_fedhas,
          minmay_unequal
D:5:      layout_basic, basic_altar, hangedman_abyss_or_decor_lesser_grid,
          minmay_misc_feat_tower
D:6:      layout_loops_ring, good_gods_mini_temple, general_overflow_altar,
          minmay_temple_entry_drinking_statues, uniq_maggie, uniq_edmund,
          uniq_pikel
D:7:      layout_loops_ring, kennysheep_generic_room_9
D:8:      layout_basic, xom_confusion_cloud, kennysheep_mini, erik_lair_island,
          nicolae_ossuary_entry_plus, minmay_radiant
Temple:   dshaligram_water_room_temple

Skill      XL: |  1  2  3  4  5  6  7  8  9 10 |
---------------+-------------------------------+-----
Dodging        | 2 3 4 5 |  5.0
Fighting       | 2 3 4 5 |  5.8
Unarmed Combat | 4 5 6 7 8 |  8.1
Poison Magic   | 1 2 |  2.0
Transmutations | 3 4 5 7 |  7.6
Spellcasting   | 3 4 5 |  5.3
Ice Magic      | 1 2 3 5 |  5.0

Action                   |  1- 3 |  4- 6 |  7- 9 | 10-12 || total
-------------------------+-------+-------+-------+-------++-------
Melee: Unarmed           |    88 |   202 |   215 |    53 ||   558
       Kick              |    10 |    17 |       |       ||    27
       Tailslap          |    11 |    18 |    11 |     1 ||    41
       Headbutt          |     6 |     9 |       |       ||    15
       Punch             |       |     3 |     4 |       ||     7
 Cast: Beastly Appendage |    19 |    22 |       |       ||    41
       Spider Form       |     1 |    10 |    19 |       ||    30
       Ice Form          |       |       |     4 |     8 ||    12
Invok: Sacrifice Stealth |       |       |       |     1 ||     1
 Abil: Breathe Fire      |       |       |     9 |     2 ||    11
Evoke: Wand              |       |       |       |     5 ||     5
  Use: Scroll            |     5 |     7 |       |     1 ||    13
       Potion            |       |     1 |     1 |     1 ||     3
 Stab: Sleeping          |     1 |     1 |       |       ||     2
Armor: Skin              |    26 |    36 |    24 |    37 ||   123
Dodge: Dodged            |    68 |   141 |   149 |    33 ||   391
Block: Other             |       |       |     6 |    15 ||    21

Table legend: (Time is in decaauts)
 A = Elapsed time spent in this place.
 B = Non-inter-level travel time spent in this place.
 C = Inter-level travel time spent in this place.
 D = Time resting spent in this place.
 E = Time spent auto-exploring this place.
 F = Levels seen in this place.
 G = Mean time per level.
                   A        B        C        D        E       F      G
               +--------+--------+--------+--------+--------+-----+--------+
         Total |  11466 |  11164 |    302 |   1061 |   8578 |   9 | 1274.0 |
       Dungeon |  11373 |  11091 |    282 |   1061 |   8509 |   8 | 1421.6 |
        Temple |     92 |     73 |     19 |      0 |     69 |   1 |   92.0 |
               +--------+--------+--------+--------+--------+-----+--------+

Top non-repeatable levels by time:
     D:1: 2099 daAuts
     D:8: 1709 daAuts
     D:6: 1426 daAuts
     D:4: 1418 daAuts
     D:5: 1320 daAuts
     D:2: 1289 daAuts
     D:3: 1093 daAuts
     D:7: 1015 daAuts
  Temple: 92 daAuts
